 Dungeon Crawl Stone Soup version 0.28-a0-1435-g82390b3a13 (webtiles) character file.

Game seed: 983321744202203617

230 backslashecho the Chopper (level 5, -4/48 HPs)
             Began as a Minotaur Cinder Acolyte on Jan 10, 2022.
             Was a High Priest of Ignis.
             Killed by divine providence
             ... invoked by an orc priest
              (14 damage)
             ... on level 3 of the Dungeon.
             The game lasted 00:04:15 (2247 turns).

backslashecho the Chopper (Minotaur Cinder Acolyte) Turns: 2247, Time: 00:04:15

Health: -4/48      AC: 11    Str: 21    XL:     5   Next: 72%
Magic:  5/5        EV:  5    Int: 11    God:    Ignis [*****.]
Gold:   117        SH:  0    Dex:  5    Spells: 6/6 levels left

rFire   + . .      SeeInvis .   a - -1 hand axe (flame)
rCold   . . .      Faith    .   (no shield)
rNeg    . . .      Spirit   .   h - +0 plate armour
rPois   .          Reflect  .   (helmet restricted)
rElec   .          Harm     .   (no cloak)
rCorr   .          Rampage  .   f - +0 pair of gloves
Will    .....                   (no boots)
Stlth   ..........              (no amulet)
HPRegen 0.16/turn               (no ring)
MPRegen 0.09/turn               (no ring)

@: no status effects
A: horns 2, retaliatory headbutt
a: Renounce Religion, Fiery Armour, Foxfire Swarm, Rising Flame


You were on level 3 of the Dungeon.
You worshipped Ignis.
Ignis was extremely pleased with you.
You visited 1 branch of the dungeon, and saw 3 of its levels.

You collected 117 gold pieces.

Inventory:

Hand Weapons
 a - a -1 hand axe of flaming (weapon)
Missiles
 i - 20 poisoned darts (quivered)
Armour
 f - a +0 pair of gloves (worn)
 h - a +0 plate armour (worn)
Jewellery
 k - a +4 ring of protection
Scrolls
 b - a scroll of teleportation {unknown}
 d - a scroll of vulnerability {unknown}
 e - 2 scrolls of identify {unknown}
Potions
 c - a potion of resistance {unknown}
 g - a potion of berserk rage {unknown}
 j - a potion of attraction {unknown}


   Skills:
 + Level 5.3 Fighting
 * Level 6.7 Axes
 - Level 1.0 Spellcasting
 - Level 2.1 Fire Magic


You had 6 spell levels left.
You didn't know any spells.
Your spell library contained the following spells:

 Spells                   Type           Power      Damage    Failure   Level
 Scorch                   Fire           10%        2d5       100%        2
 Leda's Liquefaction      Hex/Erth       0%         N/A       100%        4
 Lee's Rapid Deconstruct  Erth           0%         3d5*      100%        5
 Statue Form              Tmut/Erth      0%         N/A       100%        6


Dungeon Overview and Level Annotations

Branches:
Dungeon (3/15)

Altars:

Shops:
D:1 [

Annotations:
D:3 Ijyb


Innate Abilities, Weirdness & Mutations

You have a pair of horns on your head.
You reflexively headbutt those who attack you in melee.


Message History

You take 5 damage, and have 43/48 hp.
You closely miss the orc priest.
The orc priest is lightly wounded.
The orc priest hits you with a +0 short sword.
You take 1 damage, and have 42/48 hp.
You hit the orc priest. You burn the orc priest.
Your headbutt misses the orc priest.
The orc priest is moderately wounded.
The orc priest hits you with a +0 short sword.
You take 5 damage, and have 37/48 hp.
You barely miss the orc priest.
The orc priest is moderately wounded.
The orc priest hits you but does no damage.
You hit the orc priest. You burn the orc priest.
The orc priest is almost dead.
The orc priest mumbles some strange prayers to Beogh against you.
Pain shoots through your body!
You take 8 damage, and have 29/48 hp.
You barely miss the orc priest. Your punch misses the orc priest.
The orc priest is almost dead.
The orc priest invokes the aid of Beogh against you.
Beogh smites you!
You take 7 damage, and have 22/48 hp.
You closely miss the orc priest.
The orc priest is almost dead.
The orc priest miscasts a cantrip.
A dart slug comes into view.
You hit the orc priest but do no damage.
The orc priest is almost dead.
The orc priest calls down the wrath of Beogh upon you.
Beogh smites you!
* * * LOW HITPOINT WARNING * * *
You hear a shout!
You take 12 damage, and have 10/48 hp.
MASSIVE DAMAGE!!
You hit the orc priest. You burn the orc priest.
Your headbutt misses the orc priest.
The orc priest is almost dead.
The orc priest mumbles some strange prayers to Beogh against you.
Beogh smites you!
You die...

#.....#
#.#####.#.# .#
#./...#
#....<).#.# #
#..g..#
########.#.#
#.....#..... ###.#
#.....#... ###.#
#....... #...#
#...o.# #.###
#...<=#.########.#
#o....#wo@....##.#
#############.##.#
#.##.# #....#
######


You could see an orc priest and a dart slug.

Vanquished Creatures
  2 jellies (D:2)
  An orc priest (D:2)
  Terence (D:2)
  An orc wizard (D:2)
  4 adders
  A dart slug (D:2)
  4 orcs
  10 endoplasms
  A giant cockroach (D:1)
  5 goblins (D:1)
  2 hobgoblins
  2 quokkas (D:2)
  A ball python (D:1)
  5 bats
  A frilled lizard (D:1)
  11 kobolds
  A rat (D:1)
53 creatures vanquished.

Vanquished Creatures (others)
  5 fungi (D:2)
  6 toadstools (D:2)
11 creatures vanquished.

Grand Total: 64 creatures vanquished

Notes
Turn   | Place    | Note
-------+----------+-------------------------------------------
     0 | D:1      | backslashecho the Minotaur Cinder Acolyte began the quest
                  | for the Orb.
     0 | D:1      | Reached XP level 1. HP: 19/19 MP: 1/1
   190 | D:1      | Reached skill level 4 in Axes
   258 | D:1      | Found a faded altar of an unknown god.
   261 | D:1      | Reached XP level 2. HP: 27/27 MP: 2/2
   298 | D:1      | Found Sufauv's Armour Shoppe.
   699 | D:2      | Reached XP level 3. HP: 26/33 MP: 3/3
   841 | D:2      | Reached skill level 5 in Axes
   977 | D:2      | Noticed Terence
   996 | D:2      | Killed Terence
   997 | D:2      | Reached XP level 4. HP: 7/41 MP: 4/4
  1393 | D:2      | Reached skill level 5 in Fighting
  1393 | D:2      | Reached skill level 6 in Axes
  1393 | D:2      | Reached XP level 5. HP: 15/48 MP: 5/5
  1887 | D:3      | Noticed Ijyb
  2247 | D:3      | Killed from afar by an orc priest

Illustrated notes

Levels and vault maps discovered:
D:1:      dpeg_arrival_short_road, layout_rooms, serial_shops,
          nicolae_shop_competitors_out_of_business,
          ebering_ecumenical_altar_mist, minmay_misc_feat_plants,
          minmay_heptomino_o4
D:2:      cheibrodos_fertilizer, layout_rooms, uniq_terence
D:3:      layout_basic, chei_slow_surprise, serial_shops, nicolae_diamond_shop,
          nicolae_lakefront_shop, uniq_crazy_yiuf_cottage, uniq_grinder,
          uniq_ijyb

Skill      XL: |  1  2  3  4 |
---------------+-------------+-----
Axes           | 4 5 6 |  6.7
Fighting       | 4 5 |  5.3
Spellcasting   | |  1.0
Fire Magic     | |  2.1

Action                   |  1- 3 |  4- 6 || total
-------------------------+-------+-------++-------
Melee: Hand axe          |    71 |    77 ||   148
       Headbutt          |     7 |    12 ||    19
       Punch             |     1 |     2 ||     3
Throw: Dart              |     8 |       ||     8
Armor: Robe              |     8 |       ||     8
       Plate armour      |    37 |    35 ||    72
Dodge: Dodged            |    38 |    13 ||    51

Table legend: (Time is in decaauts)
 A = Elapsed time spent in this place.
 B = Non-inter-level travel time spent in this place.
 C = Inter-level travel time spent in this place.
 D = Time resting spent in this place.
 E = Time spent auto-exploring this place.
 F = Levels seen in this place.
 G = Mean time per level.
                   A        B        C        D        E       F      G
               +--------+--------+--------+--------+--------+-----+--------+
         Total |   2255 |   2157 |     98 |    799 |    898 |   3 |  751.7 |
       Dungeon |   2255 |   2157 |     98 |    799 |    898 |   3 |  751.7 |
               +--------+--------+--------+--------+--------+-----+--------+

Top non-repeatable levels by time:
     D:2: 1123 daAuts
     D:1: 1023 daAuts
     D:3: 109 daAuts
